Map: Oceanborn LE

Players

Kelazhur - Winner!

  • Race: Terran Terran
  • League: Master
  • Spawn Location: 11:00

RedpackCuKu (CuKu)

  • Race: Terran Terran
  • Spawn Location: 5:00

Event: HomeStory Cup XXV

VOD

Have the link to the VOD?

Description

Time

  • Played on: June 22, 2024, 7:08 a.m.
  • Length: 8:22

All games in this series

Show
View Real Time Build Order
Export as new Build Order

Kelazhur Terran - Winner!

Build Orders: Cyclone Opening 

Get SALT Encoding   

  12  0:00  SCV  
  13  0:12  SCV  
  14  0:17  Supply Depot  
  14  0:24  SCV  
  15  0:38  SCV  
  15  0:40  Barracks  
  16  0:43  Refinery  
  16  0:50  SCV  
  17  1:00  Barracks  
  17  1:03  SCV  
  18  1:10  Refinery  
  18  1:15  SCV  
  19  1:28  Reaper  
  19  1:29  Orbital Command  
  20  1:38  Supply Depot  
  20  1:47  Reaper  
  21  1:55  SCV  
  21  2:00  Reaper  
  23  2:09  SCV  
  23  2:10  Factory  
  24  2:20  Reaper  
  24  2:21  SCV  
  26  2:30  Supply Depot  
  26  2:33  SCV  
  26  2:45  Reaper  
  27  2:52  SCV  
  27  2:54  Cyclone  
  30  3:02  Starport  
  30  3:04  SCV  
  31  3:16  SCV  
  32  3:20  Command Center  
  32  3:26  Cyclone  
  34  3:29  SCV  
  35  3:39  Supply Depot, Medivac  
  37  3:42  Barracks Reactor  
  37  3:43  SCV  
  38  3:56  SCV  
  38  4:01  Cyclone  
  41  4:07  Supply Depot  
  41  4:14  Viking  
  41  4:15  SCV  
  44  4:20  Barracks Tech Lab, Marine x2  
  44  4:22  Refinery  
  46  4:27  SCV  
  47  4:40  Marine x2, Stimpack  
  47  4:44  SCV  
  50  4:53  Starport Tech Lab, Factory Tech Lab  
  50  4:54  Orbital Command  
  50  4:56  SCV, Marine  
  50  4:58  Marine  
  50  4:59  Marine  
  54  5:00  Starport Reactor  
  54  5:12  SCV  
  54  5:13  Siege Tank  
  58  5:23  SCV  
  58  5:24  Marine x2  
  58  5:25  Marine  
  58  5:26  SCV  
  62  5:29  Supply Depot  
  62  5:36  SCV  
  62  5:38  Viking x2  
  62  5:39  SCV  
  62  5:42  Marine x2  
  69  5:43  Supply Depot  
  70  5:51  Siege Tank, Marine  
  70  5:54  SCV x2  
  76  5:59  Supply Depot  
  76  6:10  Marine  
  76  6:12  SCV  
  76  6:20  SCV  
  76  6:21  Marine x2  
  76  6:22  Liberator  
  76  6:24  Siege Tank  
  88  6:28  SCV, Marine  
  90  6:38  SCV  
  88  6:45  SCV  
  89  6:48  Marine  
  89  6:49  Marine x2  
  89  6:50  Command Center  
  89  6:51  SCV  
  93  6:55  Supply Depot  
  91  7:01  SCV  
  92  7:08  Siege Tank, Starport Reactor  
  92  7:09  Barracks Tech Lab  
  92  7:15  SCV  
  93  7:18  Barracks  
  93  7:19  SCV, Engineering Bay  
  93  7:20  Barracks  
  93  7:21  Engineering Bay, Refinery  
  94  7:23  Marine x2  
  94  7:24  Supply Depot  
  94  7:28  Marine, Barracks  
  94  7:29  SCV  
  98  7:31  SCV  
  99  7:41  Marine  
  100  7:51  Marine  
  100  7:52  Marine  
  105  7:58  Marine  
  105  8:02  SCV  
Show
View Real Time Build Order
Export as new Build Order

RedpackCuKu Terran 

Build Orders: Cyclone Opening 

Get SALT Encoding   

  12  0:00  SCV  
  13  0:12  SCV  
  14  0:17  Supply Depot  
  14  0:24  SCV  
  15  0:38  SCV  
  15  0:40  Barracks  
  16  0:45  Refinery  
  16  0:50  SCV  
  16  0:55  Refinery  
  17  1:03  SCV  
  18  1:15  SCV  
  19  1:28  Orbital Command, Reaper  
  20  1:33  Supply Depot  
  20  1:43  Factory  
  20  1:54  SCV  
  21  2:00  Reaper  
  22  2:06  SCV  
  23  2:18  SCV  
  23  2:20  Command Center  
  24  2:29  Cyclone  
  25  2:32  Reaper  
  25  2:50  SCV  
  23  3:02  Supply Depot  
  23  3:03  Cyclone  
  23  3:05  Reaper  
  26  3:06  SCV  
  27  3:17  Supply Depot  
  27  3:18  SCV  
  28  3:26  Command Center  
  28  3:38  Barracks Reactor  
  28  3:40  SCV  
  29  3:43  Starport  
  29  3:52  SCV  
  30  3:58  Factory Tech Lab  
  30  4:04  SCV  
  31  4:15  Marine x2  
  31  4:16  SCV, Siege Tank  
  37  4:20  Medivac  
  39  4:28  SCV  
  40  4:33  Marine x2  
  40  4:36  Supply Depot  
  41  4:39  Orbital Command  
  41  4:43  SCV  
  41  4:52  Marine x2  
  43  4:58  Siege Tank  
  46  5:02  Orbital Command, Medivac  
  48  5:10  SCV  
  48  5:22  SCV, Refinery  
  48  5:23  Marine  
  48  5:24  Marine  
  51  5:29  SCV  
  51  5:35  SCV  
  53  5:37  Siege Tank  
  56  5:43  Marine x2  
  56  5:47  Starport Tech Lab  
  56  5:49  SCV  
  59  5:50  SCV  
  59  5:56  Supply Depot  
  60  6:01  Marine  
  60  6:02  Marine  
  59  6:09  Siege Tank  
  53  6:18  Marine  
  53  6:21  Marine  
  44  6:36  Marine  
  44  6:37  SCV x2  
  44  6:39  Marine  
  44  6:41  Siege Tank  
  43  6:49  SCV x2  
  43  6:53  Raven  
  44  6:54  Marine  
  44  6:57  Marine  
  46  7:01  SCV x2  
  46  7:02  Refinery  
  48  7:12  Marine  
  48  7:13  SCV x2  
  51  7:21  Siege Tank, Marine  
  55  7:25  SCV  
  55  7:26  SCV  
  57  7:30  Marine  
  57  7:35  Barracks  
  58  7:38  SCV, Starport Reactor  
  58  7:44  Barracks  
  58  7:56  Marine x2  
  60  8:06  SCV  
Tags
 
Add a new tag
Caveats
  • Supply blocks, unpowered buildings, or Contaminate may cause inaccurate times.
  • Supply counts are checked every 10 seconds.